AoeStats
← phoenixlau.vn

Migration

508407902Analyzed
1v1 RM · 9d ago on Sep 22, 2026· 26m 2s· 2 players
Game mode
Random Map
Map size
132×132
Population
200
Speed
Normal
Resources
Standard
Victory
Conquest
Starting age
Dark Age
Ending age
Imperial Age
RankedLock teamsTeams togetherTeam positionsShared explorationLock speedFull tech treeHidden civsTurbo modeCheats
Victory
Defeat
🇨🇦 Shu · Canada
574
+17
🇻🇳 Magyars · Vietnam
586
-22
McLovin
10:10 Feudal Age
10:42 Double-Bit Axe
20:30 Castle Age
18:37 Horse Collar
21:39 Bow Saw
21:32 Heavy Plow
22:51 Gold Mining
phoenixlau.vn
7:31 Loom
10:45 Feudal Age
11:41 Horse Collar
12:09 Double-Bit Axe
16:14 Gold Mining
17:05 Wheelbarrow
Connection lost

Rejoining the realm…

Still unreachable

The connection could not be restored.

Session expired

The server has moved on; the page needs a fresh start.